 Dungeon Crawl Stone Soup version 0.31-a0-192-ga50d7bf3bb (webtiles) character file.

Game seed: 4687550236909873246

8040 GordonOverkill the Slicer (level 11, -2/90 HPs)
             Began as a Spriggan Berserker on June 24, 2023.
             Was a Priest of Trog.
             Slain by a two-headed ogre
             ... wielding a +0 giant spiked club
              (17 damage)
             ... on level 9 of the Dungeon.
             The game lasted 00:31:05 (12760 turns).

GordonOverkill the Slicer (Spriggan Berserker)     Turns: 12760, Time: 00:31:06

Health: -2/90      AC:  7    Str: 17    XL:     11   Next: 4%
Magic:  12/12      EV: 27    Int:  9    God:    Trog [***...]
Gold:   745        SH:  0    Dex: 15    Spells: 10/10 levels left

rFire   + . .        q - +0 dagger (venom)
rCold   . . .        (no shield)
rNeg    + . .        J - +2 robe {Will+}
rPois   .            (helmet restricted)
rElec   .            s - +2 cloak
rCorr   .            (gloves unavailable)
SInv    +            (boots unavailable)
Will    ++...        F - amulet of faith Stlth
                     i - +5 ring of evasion
HPRegen 0.35/turn    b - ring "Oqoptyci" {rF+ rN+}
MPRegen 0.13/turn

%: faith
@: berserking, very quick
A: very small, no large weapons, unfitting armour, see invisible, speed 3
a: Renounce Religion, Berserk, Trog's Hand


You were on level 9 of the Dungeon.
You worshipped Trog.
Trog was most pleased with you.
You visited 1 branch of the dungeon, and saw 9 of its levels.
You also visited: Sewer.

You collected 745 gold pieces.

Inventory:

Hand Weapons
 q - a +0 dagger of venom (weapon)
 w - a +0 dagger of electrocution
 A - a +0 war axe of flaming
 D - a +1 short sword of holy wrath
Missiles
 d - 15 boomerangs (quivered)
 u - 13 poisoned darts
 B - a throwing net
Armour
 s - a +2 cloak (worn)
 J - a +2 robe of willpower (worn)
Jewellery
 b - the ring "Oqoptyci" (right hand) {rF+ rN+}
   (You acquired it on level 9 of the Dungeon)

   [ring of positive energy]

   rF:        It protects you from fire.
   rN:        It protects you from negative energy.
 f - a +5 ring of evasion
 i - a +5 ring of evasion (left hand)
 F - an amulet of faith (around neck)
Wands
 e - a wand of light (5)
 n - a wand of flame (28)
Scrolls
 a - 2 scrolls of blinking
 g - a scroll of poison
 j - 3 scrolls of teleportation
 m - 3 scrolls of enchant armour
 y - a scroll of fog {unknown}
 G - a scroll of noise {unknown}
 H - a scroll of fear {unknown}
 I - a scroll of immolation {unknown}
Potions
 c - 2 potions of curing
 l - a potion of magic
 o - 3 potions of berserk rage
 p - a potion of resistance
 r - a potion of heal wounds
 t - a potion of invisibility
 x - a potion of mutation
 z - a potion of might
 C - a potion of enlightenment {unknown}
 E - a potion of lignification


   Skills:
 + Level 8.1 Fighting
 - Level 12.0 Short Blades
 + Level 9.4 Dodging
 - Level 10.0 Stealth
 - Level 5.0 Evocations


You had 10 spell levels left.
You didn't know any spells.
Your spell library was empty.

Dungeon Overview and Level Annotations

Branches:
Dungeon (9/15)             Temple (0/1) D:6            Lair (0/5) D:8
  Sewer (visited)
    Orc: D:9-12

Altars:
Gozag
Kikubaaqudgha

Shops:
D:3 :

Annotations:
D:8 3 runed translucent doors, mn3067's ghost, novice GrBe
D:9 Psyche


Innate Abilities, Weirdness & Mutations

You are very small and have problems with some larger weapons.
You are too small for most types of armour.
You have supernaturally acute eyesight. (SInv)
You cover ground extremely quickly. (Speed+++)


Message History

The two-headed ogre is lightly wounded.
You barely miss the two-headed ogre.
The two-headed ogre is lightly wounded.
You hit the two-headed ogre.
The two-headed ogre looks as sick as possible!
The two-headed ogre is lightly wounded.
The two-headed ogre hits you with a +0 giant spiked club!!
The two-headed ogre hits you with a +0 giant club!!
* * * LOW HITPOINT WARNING * * *
You are too injured to fight recklessly!
You are too injured to fight recklessly!
You are too injured to fight recklessly!
You barely miss the two-headed ogre.
The two-headed ogre is lightly wounded.
You closely miss the two-headed ogre.
The two-headed ogre is lightly wounded.
You puncture the two-headed ogre!
The two-headed ogre looks as sick as possible!
The two-headed ogre is moderately wounded.
You hit the two-headed ogre.
The two-headed ogre looks as sick as possible!
The two-headed ogre is moderately wounded.
The two-headed ogre hits you with a +0 giant spiked club!!
* * * LOW HITPOINT WARNING * * *
The two-headed ogre hits you with a +0 giant club!
* * * LOW HITPOINT WARNING * * *
You puncture the two-headed ogre!
The two-headed ogre looks as sick as possible!
The two-headed ogre is heavily wounded.
You barely miss the two-headed ogre.
The two-headed ogre is heavily wounded.
You puncture the two-headed ogre!
The two-headed ogre looks as sick as possible!
The two-headed ogre is severely wounded.
You puncture the two-headed ogre!
The two-headed ogre looks as sick as possible!
The two-headed ogre is almost dead.
The two-headed ogre closely misses you.
The two-headed ogre hits you with a +0 giant club!
You die...

# #...# ##....# .≈. #
#...# #^...# .≈ # #...#
#....# . # #...# #....#
# #...# #....# ### #
########....####.#######
# ##...............O.. #
#..O###.............
##############..@#
#.............
.................#
#.......#####.
##############...#
#.......# #...#
#.......# #...#
#.......# #...#
##++++### #####


You could see a two-headed ogre (extremely poisoned).

Vanquished Creatures
  A two-headed ogre (D:7)
  A manticore (D:7)
  A cyclops (D:7)
  An unseen horror (D:7)
  A komodo dragon (D:8)
  A hornet (D:9)
  Prince Ribbit (D:6)
  Sigmund (D:3)
  Eustachio (D:4)
  2 vampire mosquitoes
  3 yaks (D:8)
  4 basilisks (D:8)
  Edmund (D:6)
  A water moccasin (D:7)
  2 orc warriors
  3 black bears
  An ice beast (D:6)
  A swamp drake (D:8)
  3 sky beasts
  2 centaurs
  A phantom (D:6)
  A kobold brigand (D:7)
  5 bullfrogs
  3 scorpions
  17 wights
  3 killer bees (D:9)
  3 howler monkeys (D:7)
  10 orc priests
  7 hounds
  A sleepcap (D:8)
  3 iguanas
  Natasha (thrice) (D:2)
  9 orc wizards
  5 gnolls
  11 adders
  3 shadow imps
  2 white imps
  3 dart slugs
  33 orcs
  7 bats
  8 endoplasms
  9 giant cockroaches
  7 goblins
  5 hobgoblins
  3 jackals (D:2)
  7 quokkas
  17 ball pythons
  13 frilled lizards
  14 kobolds
  7 rats
252 creatures vanquished.

Notes
Turn   | Place    | Note
-------+----------+-------------------------------------------
     0 | D:1      | GordonOverkill the Spriggan Berserker began the quest for
                  | the Orb.
     0 | D:1      | Reached XP level 1. HP: 11/11 MP: 2/2
   226 | D:1      | Reached skill level 1 in Stealth
   229 | D:1      | Reached XP level 2. HP: 15/16 MP: 3/3
   988 | D:2      | Noticed Natasha
   998 | D:2      | Killed Natasha
   999 | D:2      | Reached XP level 3. HP: 11/19 MP: 4/4
  1116 | D:2      | Reached skill level 4 in Short Blades
  1116 | D:2      | Reached skill level 5 in Dodging
  1359 | D:2      | Reached XP level 4. HP: 23/23 MP: 5/5
  1829 | D:2      | Reached XP level 5. HP: 25/28 MP: 6/6
  2006 | D:2      | Noticed Natasha
  2020 | D:2      | Killed Natasha
  2161 | D:2      | Noticed Natasha
  2190 | D:2      | Killed Natasha
  2191 | D:2      | Reached skill level 5 in Short Blades
  2512 | D:3      | Reached ** piety under Trog
  2851 | D:3      | Found Cacvudur's Vocational Training.
  3078 | D:3      | Noticed Sigmund
  3093 | D:3      | Killed Sigmund
  3094 | D:3      | Reached XP level 6. HP: 32/32 MP: 7/7
  3822 | D:4      | Noticed Eustachio
  4012 | D:4      | Killed Eustachio
  4013 | D:4      | Reached skill level 6 in Short Blades
  4013 | D:4      | Reached skill level 5 in Stealth
  4013 | D:4      | Reached XP level 7. HP: 37/37 MP: 8/8
  4874 | D:5      | Entered Level 5 of the Dungeon
  4875 | D:5      | Found an ancient bone altar of Kikubaaqudgha.
  4904 | D:5      | Reached skill level 7 in Short Blades
  5058 | D:5      | Reached XP level 8. HP: 42/42 MP: 9/9
  6236 | D:6      | Found a staircase to the Ecumenical Temple.
  6341 | D:6      | Found a glowing drain.
  6352 | Sewer    | Entered a sewer
  6408 | Sewer    | Reached skill level 8 in Short Blades
  6408 | Sewer    | Reached skill level 5 in Evocations
  6642 | Sewer    | Reached *** piety under Trog
  6988 | D:6      | Noticed Edmund
  7014 | D:6      | Killed Edmund
  7188 | D:6      | Noticed Prince Ribbit
  7194 | D:6      | Killed Prince Ribbit
  7195 | D:6      | Reached skill level 5 in Fighting
  7195 | D:6      | Reached skill level 9 in Short Blades
  7355 | D:6      | Reached XP level 9. HP: 46/47 MP: 10/10
  8272 | D:7      | Reached skill level 10 in Short Blades
  8327 | D:7      | Noticed a manticore
  8349 | D:7      | Killed a manticore
  8354 | D:7      | Noticed a two-headed ogre
  8400 | D:7      | Noticed a cyclops
  8400 | D:7      | Noticed an unseen horror
  8530 | D:7      | Killed a two-headed ogre
  8531 | D:7      | Reached skill level 11 in Short Blades
  8531 | D:7      | Reached skill level 10 in Stealth
  8970 | D:6      | Reached XP level 10. HP: 53/53 MP: 11/11
  9097 | D:6      | Found a staircase to the Ecumenical Temple.
  9997 | D:7      | Killed a cyclops
  9998 | D:7      | Reached skill level 12 in Short Blades
 10251 | D:7      | Identified the +0 pair of gloves "Hityic Sybi" {rF++ Str+6
                  | Dex-2}
 10707 | D:8      | Found a runed translucent gate.
 10710 | D:8      | Found an opulent altar of Gozag.
 10712 | D:8      | Found a runed translucent gate.
 10712 | D:8      | Found a runed translucent gate.
 10714 | D:8      | Noticed mn3067's ghost (novice GrBe)
 10714 | D:8      | Noticed a cyan ugly thing
 10716 | D:8      | Noticed a tengu warrior
 10954 | D:8      | Found a staircase to the Lair.
 12421 | D:9      | Identified a scroll of acquirement
 12421 | D:9      | Acquired the ring "Oqoptyci" {rF+ rN+}
 12463 | D:9      | Reached XP level 11. HP: 59/59 MP: 12/12
 12571 | D:9      | Noticed Psyche
 12723 | D:9      | Noticed a two-headed ogre
 12760 | D:9      | Slain by a two-headed ogre

Illustrated notes

Levels and vault maps discovered:
D:1:      eino_arrival_cavern_b, layout_loops_ring
D:2:      cheibrodos_pilgrimage, layout_basic, minmay_misc_feat_hallway,
          uniq_natasha
D:3:      layout_loops_ring, chequers_decorated_corner, minmay_misc_feat_x,
          hangedman_decor_push, nicolae_shop_vocational, uniq_sigmund
D:4:      layout_basic, uniq_eustachio
D:5:      layout_basic, kiku_gazebo_pond_becter
D:6:      layout_basic, minmay_temple_entry_drinking_statues,
          portal_sewer_entry_e, uniq_prince_ribbit1, uniq_edmund
D:7:      layout_gridville, serial_bayou_ford_a, minmay_the_grid_2x2
          [minmay_the_grid_minigrid_large, minmay_the_grid_broken_lines,
          minmay_the_grid_spikes, minmay_the_grid_prize_inner_circle]
D:8:      layout_layer_cave, erik_lair_dragon, ebering_ghost_gozag, minivault_11
D:9:      layout_basic, nicolae_qazlal_style_of_elements,
          kennysheep_cluttered_room, hellmonk_guarded_unrand_frostbite,
          uniq_psyche

Skill      XL: |  1  2  3  4  5  6  7  8  9 10 |
---------------+-------------------------------+-----
Stealth        | 1 2 3 4 5 6 8 10 | 10.0
Short Blades   | 4 5 6 7 9 11 12 | 12.0
Dodging        | 5 9 |  9.4
Fighting       | 3 4 5 6 8 |  8.1
Evocations     | 2 4 5 |  5.0

Action                     |  1- 3 |  4- 6 |  7- 9 | 10-12 || total
---------------------------+-------+-------+-------+-------++-------
  Melee: Short sword       |   103 |   160 |       |       ||   263
         Punch             |       |     2 |     7 |     3 ||    12
         Dagger            |       |    24 |   495 |   298 ||   817
  Throw: Dart              |     2 |     2 |     3 |       ||     7
         Boomerang         |       |       |    18 |     6 ||    24
 Invoke: Berserk           |     6 |    15 |    21 |    13 ||    55
         Trog's Hand       |       |     1 |     3 |     3 ||     7
  Evoke: Wand              |       |       |     2 |       ||     2
    Use: Scroll            |       |     4 |    11 |     8 ||    23
         Potion            |       |       |       |     2 ||     2
   Stab: Sleeping          |     4 |     4 |    11 |     9 ||    28
         Distracted        |       |     1 |     1 |       ||     2
 Armour: Animal skin       |     7 |     8 |    20 |    11 ||    46
         Robe              |       |       |       |     4 ||     4
  Dodge: Dodged            |    68 |   119 |   330 |   155 ||   672

Table legend: (Time is in decaauts)
 A = Elapsed time spent in this place.
 B = Non-inter-level travel time spent in this place.
 C = Inter-level travel time spent in this place.
 D = Time resting spent in this place.
 E = Time spent auto-exploring this place.
 F = Levels seen in this place.
 G = Mean time per level.
                   A        B        C        D        E       F      G
               +--------+--------+--------+--------+--------+-----+--------+
         Total |   9546 |   9211 |    335 |   3041 |   3891 |  10 |  954.6 |
       Dungeon |   9097 |   8762 |    335 |   3000 |   3671 |   9 | 1010.8 |
         Sewer |    448 |    448 |      0 |     40 |    219 |   1 |  448.0 |
               +--------+--------+--------+--------+--------+-----+--------+

Top non-repeatable levels by time:
     D:6: 1760 daAuts
     D:7: 1408 daAuts
     D:8: 1120 daAuts
     D:3: 1086 daAuts
     D:2: 1004 daAuts
     D:1: 843 daAuts
     D:4: 805 daAuts
     D:5: 766 daAuts
   Sewer: 448 daAuts
     D:9: 302 daAuts
